AoeStats
← skeezerrr

Black Forest

508399233Analyzed
4v4 RM · 11d ago on Sep 22, 2026· 34m 39s· 8 players
Game mode
Random Map
Map size
Large (8 player)
Population
200
Speed
Normal
Resources
Standard
Victory
Conquest
Starting age
Dark Age
Ending age
Imperial Age
RankedLock teamsTeams togetherTeam positionsShared explorationLock speedFull tech treeHidden civsTurbo modeCheats
Victory
Defeat
🇨🇳 Burmese · China
1143
+9
🇬🇧 Vietnamese · United Kingdom
1125
+10
🇨🇳 Khmer · China
987
+15
🇨🇳 Spanish · China
979
+15
🇺🇸 Byzantines · United States
1018
-14
🇨🇳 Persians · China
982
-13
🇺🇸 Lithuanians · United States
949
-11
🇺🇸 Khmer · United States
931
-11
SIR DAGGY
12:31 Feudal Age
12:57 Double-Bit Axe
19:49 Castle Age
19:34 Fletching
DooWopShooBop
11:17 Feudal Age
15:56 Castle Age
15:52 Horse Collar
15:58 Double-Bit Axe
17:15 Wheelbarrow
rampagingcarrot
0:35 Loom
14:41 Feudal Age
15:51 Fishing Lines
19:01 Castle Age
17:33 Double-Bit Axe
20:16 Bow Saw
21:59 Horse Collar
22:11 Gillnets
DEEPSKY
3:55 Loom
11:59 Feudal Age
13:16 Horse Collar
15:59 Castle Age
14:48 Double-Bit Axe
16:54 Bow Saw
17:34 Wheelbarrow
24:15 Elite Skirmisher
25:50 Loom
28:22 Gold Mining
29:40 Gold Shaft Mining
29:58 Bloodlines
29:49 Husbandry
32:54 Light Cavalry
skeezerrr
7:09 Loom
7:45 Loom
10:27 Feudal Age
11:43 Wheelbarrow
10:55 Double-Bit Axe
17:16 Castle Age
16:08 Gold Mining
16:55 Stone Mining
18:48 Horse Collar
22:18 Bow Saw
29:20 Imperial Age
27:40 Chatras
28:33 Heavy Plow
31:01 Two-Man Saw
30:33 Crop Rotation
31:27 Bloodlines
31:18 Husbandry
31:50 Elite Battle Elephant
34:04 Forging
34:39 Scale Mail Armor
34:48 Scale Barding Armor
35:49 Iron Casting
LESLIE
9:57 Feudal Age
13:54 Castle Age
11:59 Double-Bit Axe
16:53 Loom
24:10 Bow Saw
24:50 Wheelbarrow
25:10 Padded Archer Armor
25:30 Horse Collar
26:38 Hand Cart
26:09 Town Watch
26:55 Fletching
28:31 Leather Archer Armor
29:14 Bodkin Arrow
34:50 Imperial Age
33:57 Bloodlines
33:48 Husbandry
帝国斜阳
3:08 Loom
11:52 Feudal Age
16:02 Castle Age
14:22 Double-Bit Axe
14:32 Horse Collar
15:27 Stone Mining
25:13 Bow Saw
25:13 Heavy Plow
26:02 Wheelbarrow
26:47 Gold Mining
27:30 Hand Cart
27:54 Stone Shaft Mining
33:07 Imperial Age
31:47 Gold Shaft Mining
32:42 Fletching
33:19 Bodkin Arrow
33:25 Padded Archer Armor
33:04 Pikeman
34:39 Crop Rotation
34:23 Redemption
33:48 Halberdier
33:52 Capped Ram
super duck
1:31 Loom
10:58 Feudal Age
16:52 Castle Age
15:12 Horse Collar
18:42 Wheelbarrow
18:13 Heavy Plow
23:27 Gold Mining
26:28 Hand Cart
29:09 Imperial Age
26:28 Town Watch
27:26 Stone Mining
29:23 Forging
29:18 Scale Barding Armor
29:20 Husbandry
29:31 Bloodlines
31:13 Iron Casting
32:06 Chain Barding Armor
32:06 Elite Battle Elephant
34:37 Blast Furnace
34:55 Plate Barding Armor
34:32 Howdah
Connection lost

Rejoining the realm…

Still unreachable

The connection could not be restored.

Session expired

The server has moved on; the page needs a fresh start.